 Dungeon Crawl Stone Soup version 0.26-a0-54-g15ccc7ae60 (webtiles) character file.

Game seed: 4952133690630765811

889 Argons the Conjurer (level 7, 0/55 HPs)
             Began as a Deep Dwarf Fire Elementalist on June 7, 2020.
             Slain by an ice beast (12 damage)
             ... on level 5 of the Dungeon.
             The game lasted 00:37:06 (6069 turns).

Argons the Conjurer (Deep Dwarf Fire Elementalist)  Turns: 6069, Time: 00:37:08

Health: 0/55       AC:  5    Str: 11    XL:     7   Next: 77%
Magic:  3/10       EV: 12    Int: 18    God:
Gold:   204        SH:  0    Dex: 13    Spells: 6/10 levels left

rFire    . . .     SeeInvis .   h - +2 dagger (venom)
rCold    . . .     Gourm    .   (no shield)
rNeg     . . .     Faith    .   a - +1 robe
rPois    .         Spirit   .   g - +0 helmet
rElec    .         Reflect  .   (no cloak)
rCorr    .         Harm     .   (no gloves)
MR       +....                  i - +0 pair of boots
Stlth    ++........             (no amulet)
HPRegen  0.00/turn              (no ring)
MPRegen  0.12/turn              (no ring)

@: non-regenerating
A: damage resistance, heal wounds, sense surroundings 1, no regeneration
a: Heal Wounds


You were on level 5 of the Dungeon.
You were not hungry.

You visited 1 branch of the dungeon, and saw 5 of its levels.

You collected 204 gold pieces.

Inventory:

Hand Weapons
 h - a +2 dagger of venom (weapon)
Missiles
 b - 4 curare-tipped darts (quivered)
 l - 17 poisoned darts
Armour
 a - a +1 robe (worn)
 g - a +0 helmet (worn)
 i - a +0 pair of boots (worn)
Jewellery
 f - an uncursed amulet of guardian spirit {unknown}
 n - a +6 ring of strength {unknown}
Scrolls
 d - 3 scrolls of identify
 e - 2 scrolls of amnesia
 p - a scroll of enchant weapon
 r - a scroll of teleportation {unknown}
Potions
 j - 2 potions of cancellation
 k - a potion of curing
 m - 2 potions of heal wounds
 o - a potion of might
 q - a potion of mutation
 t - a potion of haste {unknown}
Comestibles
 c - 9 rations


   Skills:
 - Level 2.1 Dodging
 - Level 2.4 Stealth
 - Level 2.0 Spellcasting
 + Level 6.0 Conjurations
 + Level 5.9 Fire Magic


You had 6 spell levels left.
You knew the following spells:

 Your Spells              Type           Power        Failure   Level  Hunger
a - Foxfire               Conj/Fire      ###.         1%          1    #......
b - Conjure Flame         Conj/Fire      ###.....     4%          3    ###....

Your spell library contained the following spells:

 Spells                   Type           Power        Failure   Level  Hunger
 Inner Flame              Hex/Fire       ##......     16%         3    ###....
 Sticky Flame             Conj/Fire      ###.....     16%         4    #####..
 Fireball                 Conj/Fire      ###.......   38%         5    ######.
 Confusing Touch          Hex            #.......     47%         3    ###....
 Gell's Gravitas          Tloc           #.........   47%         3    ###....
 Petrify                  Tmut/Erth      #.......     87%         4    #####..
 Metabolic Englaciation   Hex/Ice        #.........   99%         5    ######.
 Yara's Violent Unravell  Hex/Tmut       #.........   99%         5    ######.


Dungeon Overview and Level Annotations

Branches:
Dungeon (5/15)
 Temple: D:4-7

Altars:
Cheibriados
Nemelex Xobeh
Qazlal
Ru
Vehumet
Wu Jian
Xom
Yredelemnul
Zin


Innate Abilities, Weirdness & Mutations

You are resistant to damage.
You can heal yourself by infusing magical energy.
You passively map a small area around you.
You do not regenerate.


Message History

Confirm with . or Enter, or press ? or * to list all spells.
You conjure some foxfire!
The foxfire hits the ice beast.
The ice beast melts!
The ice beast is heavily wounded.
The foxfire hits the ice beast but does no damage.
The ice beast is heavily wounded.
Casting: Foxfire (safe; 1% risk of failure)
Confirm with . or Enter, or press ? or * to list all spells.
You conjure some foxfire!
The foxfire hits the ice beast but does no damage.
The ice beast is heavily wounded.
The foxfire hits the ice beast but does no damage.
The ice beast is heavily wounded.
The foxfire hits the ice beast.
The ice beast melts!
The ice beast is severely wounded.
The foxfire hits the ice beast but does no damage.
The ice beast is severely wounded.
The ice beast hits you.
* * * LOW HITPOINT WARNING * * *
The ice beast freezes you!
You die...

#.##.#######..####
#................#
####.#######..##.#
*,* #.# #####..##.#
#.# #......##.#
#######.# #.####.##.#
** .§§.....#*#)#
#.##.#
.§§.......#§####.##.#
#######.#...@.##.##.#
#.#.#Y#.# .##.#
#?.........##.# *
###.#.#.### #.# ,
.......# ###.# , *###
#.### #...# #.# #...#
### ..# #...# #.. ,
##.## #.#


You could see an ice beast.

Vanquished Creatures
  Purgy (D:3)
  An ice beast (D:5)
  A sky beast (D:5)
  A centaur (D:5)
  An ogre (D:4)
  3 bullfrog skeletons
  2 iguanas (D:4)
  4 worker ants
  An orc wizard (D:3)
  A hound skeleton (D:4)
  Robin (D:3)
  5 adders
  3 worms
  4 dart slugs
  3 leopard geckos
  An orc (D:3)
  4 giant cockroaches
  16 goblins
  9 hobgoblins
  12 jackals
  3 quokkas
  2 ball pythons (D:1)
  12 bats
  6 frilled lizards
  6 kobolds
  A leopard gecko zombie (D:5)
  A quokka skeleton (D:4)
  A quokka zombie (D:5)
  8 rats
114 creatures vanquished.

Vanquished Creatures (collateral kills)
  A frilled lizard (D:4)
1 creature vanquished.

Vanquished Creatures (others)
  367 foxfires
367 creatures vanquished.

Grand Total: 482 creatures vanquished

Notes
Turn   | Place    | Note
-------+----------+-------------------------------------------
     0 | D:1      | Argons the Deep Dwarf Fire Elementalist began the quest for
                  | the Orb.
     0 | D:1      | Reached XP level 1. HP: 15/15 MP: 3/3
   227 | D:1      | Reached skill level 1 in Conjurations
   327 | D:1      | Reached XP level 2. HP: 22/22 MP: 0/5
  1071 | D:1      | Reached XP level 3. HP: 24/28 MP: 1/6
  1682 | D:2      | Reached skill level 2 in Conjurations
  2313 | D:2      | Found a glowing silver altar of Zin.
  2325 | D:2      | Found a basalt altar of Yredelemnul.
  2325 | D:2      | Found a snail-covered altar of Cheibriados.
  2325 | D:2      | Found a radiant altar of Vehumet.
  2336 | D:2      | Found a stormy altar of Qazlal.
  2336 | D:2      | Found a sparkling altar of Nemelex Xobeh.
  2708 | D:3      | Reached XP level 4. HP: 18/36 MP: 5/7
  2952 | D:3      | Found a sacrificial altar of Ru.
  3010 | D:3      | Noticed Robin
  3190 | D:3      | Killed Robin
  3190 | D:3      | Reached skill level 3 in Conjurations
  3268 | D:3      | Reached XP level 5. HP: 28/42 MP: 5/8
  3580 | D:3      | Noticed Purgy
  4396 | D:4      | Noticed an ogre
  4510 | D:4      | Killed an ogre
  4510 | D:4      | Reached skill level 4 in Conjurations
  4510 | D:4      | Reached XP level 6. HP: 30/49 MP: 2/9
  4604 | D:4      | Reached skill level 5 in Fire Magic
  5059 | D:3      | Killed Purgy
  5059 | D:3      | Reached skill level 5 in Conjurations
  5126 | D:3      | Reached XP level 7. HP: 32/55 MP: 7/10
  5156 | D:5      | Entered Level 5 of the Dungeon
  5849 | D:5      | Reached skill level 6 in Conjurations
  5913 | D:5      | Learned a level 3 spell: Conjure Flame
  5981 | D:5      | Found an ornate altar of the Wu Jian Council.
  5981 | D:5      | Found a shimmering altar of Xom.
  6069 | D:5      | Slain by an ice beast

Illustrated notes

Levels and vault maps discovered:
D:1:      dpeg_arrival_round_c, layout_loops_ring, minmay_misc_feat_tower
D:2:      layout_loops_corners, minmay_overflow_temple_hex
D:3:      layout_rooms, nicolae_ru_great_annihilating_truth, uniq_purgy,
          uniq_robin
D:4:      wad_lake_hut, layout_rooms, kennysheep_nondescript
D:5:      minmay_chambers_of_fours, layout_loops_ring,
          amethyst_overflow_temple_binary, first_ration

Skill      XL: |  1  2  3  4  5  6  7 |
---------------+----------------------+-----
Spellcasting   | 2 |  2.0
Conjurations   | 1 2 3 4 5 6 |  6.0
Fire Magic     | 3 4 5 |  5.9
Dodging        | |  2.1
Stealth        | |  2.4

Action                   |  1- 3 |  4- 6 |  7- 9 || total
-------------------------+-------+-------+-------++-------
Melee: Unarmed           |     1 |    10 |       ||    11
       Dagger            |       |       |     8 ||     8
 Cast: Foxfire           |    95 |   120 |    54 ||   269
 Abil: Heal Wounds       |       |     1 |       ||     1
  Use: Scroll            |     1 |     8 |     1 ||    10
 Stab: Sleeping          |       |       |     1 ||     1
  Eat: Chunk             |     7 |     9 |     4 ||    20
Armor: Robe              |    15 |    15 |     5 ||    35
Dodge: Dodged            |    36 |    26 |     5 ||    67

Table legend:
 A = Non-vault XP
 B = Vault XP
 C = Vault XP percentage of total XP
 D = Non-vault monster count
 E = Vault monster count
 F = Vault count percentage of total count
                 A         B        C        D         E       F
            +---------+---------+-------+---------+---------+-------
      Total |    1055 |     215 |  16.9 |      97 |      18 |  15.7
            +---------+---------+-------+---------+---------+-------
        D:1 |      44 |       0 |   0.0 |      22 |       0 |   0.0
        D:2 |      47 |       0 |   0.0 |      20 |       0 |   0.0
        D:3 |      68 |     215 |  76.0 |      25 |      18 |  41.9
        D:4 |     359 |       0 |   0.0 |      16 |       0 |   0.0
        D:5 |     537 |       0 |   0.0 |      14 |       0 |   0.0
            +---------+---------+-------+---------+---------+-------
